[Event "Hasselbacken Open 2018"]
[Site "Stockholm"]
[Date "2018.11.02"]
[Round "1"]
[White "Lindberg, Bengt"]
[Black "Falkevall, Axel"]
[Result "1-0"]
[ECO "C18"]
[WhiteElo "2401"]
[BlackElo "1928"]
[Annotator "NA"]
[PlyCount "64"]
[EventDate "2018.11.02"]
[EventCountry "SWE"]
[SourceTitle "playchess.com"]
[Source "ChessBase"]
[SourceQuality "1"]
[TimeControl "900+5"]

1. e4 e6 2. d4 d5 3. Nc3 Bb4 4. e5 c5 5. a3 Bxc3+ 6. bxc3 Ne7 {[%emt 0:00:02] LiveBook: 7888 Games} 7. h4 Bd7 8. h5 {[%emt 0:00:30] C18: French: 3 Nc3 Bb4: Main line: 7 h4 and 7 Qg4} (8. a4 Qa5 9. Bd2 c4 10. h5 h6 11. Rh3 Bxa4 12. Bc1 Nbc6 13. Qd2 b5 14. Ba3 Kd7 15. Rf3 Raf8 {1-0 (51) Kulaots,K (2588)-Dann,M (2493) Karlsruhe 2017}) 8... h6 9. Rh4 Nf5 10. Rf4 Nc6 11. Nf3 $146 ({Predecessor:} 11. g4 Nh4 12. Nf3 Nxf3+ 13. Qxf3 Qb6 14. Qe3 Rc8 15. Bd3 a5 {1-0 (43) Cuellar Elisvan,D (2350)-Nino,J (2093) Bogota 2013}) 11... Qc7 12. g4 Nfe7 13. Bd3 c4 14. Bf1 Rf8 15. a4 O-O-O 16. Ba3 f6 $11 17. Bd6 Qa5 18. Qd2 fxe5 19. Rxf8 Rxf8 20. Nxe5 Nxe5 21. dxe5 Rf7 22. f4 Nc6 23. Bg2 Qd8 24. Qf2 Qa5 25. Ra3 b5 26. f5 b4 27. cxb4 Nxb4 28. Kd1 Bc6 29. Qd2 c3 30. Rxc3 d4 31. Qxd4 Qa6 32. Qxb4 Rb7 1-0

[Event "Hasselbacken Open 2018"]
[Site "Stockholm"]
[Date "2018.11.02"]
[Round "1"]
[White "Lindgren, Philip"]
[Black "Ranby, Hans"]
[Result "1-0"]
[ECO "E15"]
[WhiteElo "2374"]
[BlackElo "1925"]
[Annotator "NA"]
[PlyCount "75"]
[EventDate "2018.11.02"]
[EventCountry "SWE"]
[SourceTitle "playchess.com"]
[Source "ChessBase"]
[SourceQuality "1"]
[TimeControl "900+5"]

1. d4 Nf6 2. c4 e6 3. Nf3 b6 4. g3 Bb7 5. Bg2 c5 6. d5 exd5 7. Nh4 Be7 8. Nc3 O-O 9. Nf5 d6 $14 10. O-O Nc6 11. cxd5 Ne5 12. f4 Ng6 13. e4 Re8 14. Nxe7+ Qxe7 15. Qf3 Rad8 16. Bd2 Qc7 17. Rae1 Ba6 18. Rf2 b5 19. h3 Qb6 20. Kh2 b4 21. Nd1 Rc8 22. b3 c4 23. Be3 Qb7 24. Bd4 Nxd5 25. e5 dxe5 26. fxe5 Rcd8 27. bxc4 Bxc4 28. Ne3 Qb5 29. Qxf7+ Kh8 30. e6 Rg8 31. Nf5 Nf6 32. Bxf6 Qxf5 33. Rxf5 Rd2 34. Ba1 Bd5 35. Rxd5 Rxa2 36. Rd7 Rxa1 37. Rxa1 Ne5 38. Qxg8+ 1-0

[Event "Hasselbacken Open 2018"]
[Site "Stockholm"]
[Date "2018.11.02"]
[Round "1"]
[White "Schneider, Stefan"]
[Black "Kahtan, Mohamed"]
[Result "1-0"]
[ECO "D35"]
[WhiteElo "2365"]
[BlackElo "1912"]
[Annotator "NA"]
[PlyCount "117"]
[EventDate "2018.11.02"]
[EventCountry "SWE"]
[SourceTitle "playchess.com"]
[Source "ChessBase"]
[SourceQuality "1"]
[TimeControl "900+5"]

1. d4 d5 2. c4 e6 3. Nc3 Nf6 4. cxd5 exd5 5. Bg5 c6 6. e3 Be7 7. Bd3 h6 8. Bh4 Nbd7 9. Qc2 O-O 10. Nge2 Re8 11. O-O Nf8 12. Rae1 Qc7 13. Bxf6 Bxf6 14. Nxd5 Qd6 15. Nxf6+ Qxf6 16. Ng3 Ne6 17. Ne4 Qe7 18. Rc1 Bd7 19. Nc5 Nxc5 20. Qxc5 Qf6 21. Rfe1 Rad8 22. Qxa7 Bc8 23. Red1 Rd5 24. Rc5 Red8 25. Rxd5 Rxd5 26. Qb8 Rd8 27. Qe5 Qxe5 28. dxe5 Bf5 29. Bc2 Rxd1+ 30. Bxd1 Kf8 31. f4 Ke7 32. Kf2 Be4 33. Bb3 g5 34. g3 c5 35. Bc4 g4 36. Ke2 Bc6 37. a3 b5 38. Bd3 Ke6 39. e4 c4 40. Bc2 h5 41. Ke3 Be8 42. Kd4 Bc6 43. Bd1 Bd7 44. Be2 Bc6 45. Bf1 Bd7 46. f5+ Ke7 47. Kc5 Be8 48. Be2 Bd7 49. Bf1 Be8 50. Bg2 Bd7 51. Kd4 Be8 52. Bf1 Bd7 53. Be2 Be8 54. Bd1 Bd7 55. Bc2 Be8 56. a4 bxa4 57. Kxc4 Bc6 58. Kc5 Bd7 59. Bd3 1-0

[Event "Hasselbacken Open 2018"]
[Site "Stockholm"]
[Date "2018.11.02"]
[Round "1"]
[White "Kallstrom, Michael"]
[Black "Brynell, Stellan"]
[Result "0-1"]
[ECO "C07"]
[WhiteElo "1926"]
[BlackElo "2398"]
[Annotator "NA"]
[PlyCount "59"]
[EventDate "2018.11.02"]
[EventCountry "SWE"]
[SourceTitle "playchess.com"]
[Source "ChessBase"]
[SourceQuality "1"]
[TimeControl "900+5"]

1. e4 e6 2. d4 d5 3. Nd2 c5 4. Ngf3 a6 5. exd5 exd5 6. c3 Nf6 7. dxc5 Bxc5 8. Nb3 Bb6 9. Bg5 Bxf2+ 10. Kxf2 Ne4+ 11. Kg1 Nxg5 12. Qe1+ Be6 13. Nfd4 O-O 14. h4 Ne4 15. Bd3 Nc6 16. Nxe6 fxe6 17. Bxe4 dxe4 18. Qxe4 e5 19. Qe2 Qb6+ 20. Kh2 Rf4 21. Kh3 Raf8 22. Rhf1 Qd8 23. Rxf4 Rxf4 24. g3 Qd7+ 25. Kh2 Rf8 26. Rf1 Qd5 27. Rxf8+ Kxf8 28. Qf2+ Kg8 29. Nc5 e4 30. Nxb7 0-1

[Event "Hasselbacken Open 2018"]
[Site "Stockholm"]
[Date "2018.11.02"]
[Round "1"]
[White "Frisk, Hans"]
[Black "Seo, Jung Min"]
[Result "0-1"]
[ECO "A05"]
[WhiteElo "1924"]
[BlackElo "2369"]
[Annotator "NA"]
[PlyCount "82"]
[EventDate "2018.11.02"]
[EventCountry "SWE"]
[SourceTitle "playchess.com"]
[Source "ChessBase"]
[SourceQuality "1"]
[TimeControl "900+5"]

1. Nf3 Nf6 2. c4 b6 3. g3 Bb7 4. Bg2 g6 5. b3 Bg7 6. Bb2 c5 7. O-O O-O 8. e3 d6 9. d4 Nbd7 10. Nc3 Rc8 {[%emt 0:00:11] A30: Symmetrical English: Double Fianchetto and Hedgehog} (10... Ne4 11. Rc1 Nxc3 12. Bxc3 Be4 13. Qe2 a6 14. Rfd1 Qb8 15. Bh3 Bxf3 16. Qxf3 Rd8 17. Bg2 Ra7 18. h4 b5 {½-½ (39) Karjakin,S (2763)-Dubov,D (2701) Moscow 2018}) 11. Qd2 $146 ({Predecessor:} 11. d5 Re8 12. a4 Nf8 13. h3 Ra8 14. Re1 Bc8 15. Nh2 Bd7 16. e4 h5 17. f4 Qc8 18. h4 {1-0 (32) Lonyuk,B (1017)-Raines,D (1090) LSS email 2010}) 11... Qc7 12. Rac1 Qb8 13. Rfd1 Rfd8 14. d5 a6 15. a4 Nf8 16. e4 e6 17. Re1 Re8 18. Rcd1 Rcd8 19. Bh3 $11 Bc8 20. Nh4 exd5 21. Bxc8 Qxc8 22. exd5 Qh3 23. f3 N8d7 24. Rxe8+ Rxe8 25. Re1 Rxe1+ 26. Qxe1 Ne5 27. Ne4 Nxe4 28. Qxe4 Nxf3+ 29. Nxf3 Bxb2 30. Qe8+ Kg7 31. Qxf7+ Kxf7 32. Ng5+ Kf6 33. Nxh3 Kf5 34. Kf1 g5 35. Nf2 Bd4 36. h3 Bxf2 37. Kxf2 Ke4 38. Ke2 h5 39. h4 g4 40. Kf2 Kd3 41. Ke1 Ke3 0-1

[Event "Hasselbacken Open 2018"]
[Site "Stockholm"]
[Date "2018.11.02"]
[Round "1"]
[White "Myrene, Jon Kare"]
[Black "Ingbrandt, Johan"]
[Result "0-1"]
[ECO "B13"]
[WhiteElo "1909"]
[BlackElo "2364"]
[Annotator "NA"]
[PlyCount "59"]
[EventDate "2018.11.02"]
[EventCountry "SWE"]
[SourceTitle "playchess.com"]
[Source "ChessBase"]
[SourceQuality "1"]
[TimeControl "900+5"]

1. e4 c6 2. d4 d5 3. exd5 cxd5 4. c4 Nf6 5. Nf3 Be6 6. Nc3 dxc4 7. Ng5 Bd5 8. Qa4+ Nc6 9. Bxc4 e6 10. O-O Be7 11. Nxd5 $15 Nxd5 12. Nf3 O-O 13. a3 Nb6 14. Qc2 Nxd4 15. Nxd4 Qxd4 16. Ba2 Rac8 17. Qe2 Rfd8 18. Be3 Qe4 19. Qh5 g6 20. Qa5 Rc6 21. Qxa7 Nc4 22. Qxb7 Nxe3 23. fxe3 Kf8 24. Rae1 Rdc8 25. Bb1 Qe5 26. b4 R6c7 27. Qf3 Bd6 28. g3 Kg7 29. Rc1 Rxc1 30. Qxf7+ {[%emt 0:00:02] R1c7 Qf3} 0-1

[Event "Hasselbacken Open 2018"]
[Site "Stockholm"]
[Date "2018.11.02"]
[Round "2"]
[White "Brynell, Stellan"]
[Black "Eriksson, Jon"]
[Result "1-0"]
[ECO "D30"]
[WhiteElo "2398"]
[BlackElo "2080"]
[Annotator "ChessBase"]
[PlyCount "111"]
[EventDate "2018.11.02"]
[EventCountry "SWE"]
[SourceTitle "playchess.com"]
[Source "ChessBase"]
[SourceQuality "1"]
[TimeControl "900+5"]

1. d4 d5 2. c4 e6 3. Nf3 c6 4. g3 Nf6 5. Bg2 Bd6 6. O-O O-O 7. Nc3 Nbd7 8. Bg5 h6 9. Bxf6 Nxf6 10. Qc2 b6 11. e4 dxe4 12. Nxe4 Nxe4 13. Qxe4 Bb7 14. Rfd1 Qe7 15. Ne5 Bxe5 16. dxe5 Rfd8 17. h4 Rxd1+ 18. Rxd1 Rd8 19. Rd4 Rxd4 20. Qxd4 Kf8 21. Qd3 Ke8 22. Qh7 Qf8 23. h5 Kd8 24. a3 Kc7 25. b4 a6 26. Kh2 c5 27. Bxb7 Kxb7 28. Qe4+ Kc7 29. b5 axb5 30. cxb5 Qe8 31. a4 Kb8 32. Qg4 Qf8 33. Kg1 Ka7 34. Qe4 Qe8 35. Qd3 Qe7 36. Kf1 Kb8 37. Qh7 Qf8 38. Ke2 Kc7 39. Qe4 Qe8 40. f4 Kb8 41. Qh7 Qf8 42. g4 Kc7 43. g5 Kb8 44. Qe4 Qe8 45. g6 fxg6 46. hxg6 Kc7 47. f5 exf5 48. Qxf5 Kd8 49. e6 Qe7 50. Qd5+ Ke8 51. Qa8+ Qd8 52. Qxd8+ Kxd8 53. a5 bxa5 54. b6 a4 55. b7 Kc7 56. e7 1-0

[Event "Hasselbacken Open 2018"]
[Site "Stockholm"]
[Date "2018.11.02"]
[Round "2"]
[White "Seo, Jung Min"]
[Black "Rasti, Arvin"]
[Result "1-0"]
[ECO "B12"]
[WhiteElo "2369"]
[BlackElo "2064"]
[Annotator "NA"]
[PlyCount "103"]
[EventDate "2018.11.02"]
[EventCountry "SWE"]
[SourceTitle "playchess.com"]
[Source "ChessBase"]
[SourceQuality "1"]
[TimeControl "900+5"]

1. e4 c6 2. d4 d5 3. e5 c5 4. dxc5 e6 5. a3 {[%emt 0:00:05] B12: Caro-Kann: Advance Variation} (5. Nf3 Bxc5 6. a3 Nd7 7. Bd3 f6 8. b4 Be7 9. Bb2 fxe5 10. Nxe5 Nxe5 11. Bxe5 Bf6 12. O-O Nh6 13. Bxf6 Qxf6 {1-0 (70) Jakovenko,D (2735)-Fedoseev,V (2706) Poikovsky 2018}) 5... Nc6 6. b4 Nxe5 7. Bb2 Qc7 8. Nd2 Nf6 9. Ngf3 Nxf3+ 10. Nxf3 Be7 11. c4 $146 ({Predecessor:} 11. Be5 Qd8 12. Bd3 O-O {1-0 (37) Georgiou,I (2123)-Zabrakos,E Heraklio 2001}) 11... O-O 12. Bd3 dxc4 13. Bxc4 b6 14. O-O bxc5 15. Rc1 Bb7 16. bxc5 Rfd8 17. Qe2 Qf4 18. Bb5 Bd5 19. Be5 Qg4 20. h3 Qh5 21. Bxf6 Bxf6 22. Bc4 Rac8 23. Bxd5 Rxd5 24. c6 h6 25. Qa6 Rc7 26. Qc4 Qf5 27. Rc2 Qd3 28. a4 e5 29. Qxd3 Rxd3 30. Rb1 Kh7 31. Nd2 Rd6 32. Rb7 Rcxc6 33. Rxc6 Rxc6 34. Rxa7 Rc2 35. Ne4 Kg6 36. Ra6 Rc1+ 37. Kh2 Kf5 38. Nd6+ Kg6 39. Ne4 Kf5 40. Nxf6 gxf6 41. g3 Rc2 42. Kg2 e4 43. Kf1 Ra2 44. Ra7 Ke5 45. a5 f5 46. a6 f6 47. Ra8 f4 48. a7 Kf5 49. g4+ Kg5 50. Rg8+ Kh4 51. a8=Q $18 Rb2 52. Qxe4 1-0

[Event "Hasselbacken Open 2018"]
[Site "Stockholm"]
[Date "2018.11.02"]
[Round "2"]
[White "Ingbrandt, Johan"]
[Black "Jogstad, Daniel"]
[Result "1-0"]
[ECO "A05"]
[WhiteElo "2364"]
[BlackElo "2061"]
[Annotator "ChessBase"]
[PlyCount "73"]
[EventDate "2018.11.02"]
[EventCountry "SWE"]
[SourceTitle "playchess.com"]
[Source "ChessBase"]
[SourceQuality "1"]
[TimeControl "900+5"]

1. Nf3 Nf6 2. g3 g6 3. b3 Bg7 4. Bb2 d6 5. d4 O-O 6. Bg2 c6 7. O-O Qa5 8. Nbd2 Qh5 9. e4 Bh3 10. Bxh3 Qxh3 11. Ng5 Qh6 12. f4 e5 13. dxe5 dxe5 14. fxe5 Nfd7 15. Ngf3 Qe3+ 16. Kg2 b5 17. Bd4 Qh6 18. a4 c5 19. Bb2 Nc6 20. axb5 Ncxe5 21. Bxe5 Nxe5 22. Ra4 Rfd8 23. Qe2 Rd7 24. Nc4 Rad8 25. h3 Nxc4 26. Qxc4 Qe3 27. Rf2 h5 28. Re2 Qc1 29. e5 g5 30. e6 fxe6 31. Qxe6+ Kh8 32. Qg6 Rd5 33. Qxh5+ Kg8 34. Re8+ Rxe8 35. Qxe8+ Kh7 36. Qe4+ Kh8 37. Qxd5 1-0

[Event "Hasselbacken Open 2018"]
[Site "Stockholm"]
[Date "2018.11.02"]
[Round "2"]
[White "Briem, Stephan"]
[Black "Lindberg, Bengt"]
[Result "0-1"]
[ECO "E15"]
[WhiteElo "2062"]
[BlackElo "2401"]
[Annotator "ChessBase"]
[PlyCount "90"]
[EventDate "2018.11.02"]
[EventCountry "SWE"]
[SourceTitle "playchess.com"]
[Source "ChessBase"]
[SourceQuality "1"]
[TimeControl "900+5"]

1. d4 Nf6 2. c4 e6 3. Nf3 b6 4. g3 Ba6 5. b3 Bb4+ 6. Bd2 Be7 7. Bg2 d5 8. Ne5 Bb7 9. O-O O-O 10. Bf4 Qc8 11. Nc3 dxc4 12. Bxb7 Qxb7 13. Nxc4 Rd8 14. Be5 c5 15. e3 b5 16. Nd2 cxd4 17. exd4 Nc6 18. Qf3 Qb6 19. Rfd1 Rac8 20. Ne2 Nd7 21. Qe4 f5 22. Qe3 Ndxe5 23. dxe5 Qxe3 24. fxe3 Bc5 25. Kf2 Nxe5 26. Nf1 Ng4+ 27. Kf3 e5 28. e4 g6 29. h3 Nf6 30. exf5 gxf5 31. Rac1 Rxd1 32. Rxd1 Kf7 33. Nc3 a6 34. Nd5 Nxd5 35. Rxd5 Ke6 36. Rd2 Bd4 37. Ke2 Rc3 38. Rd3 Rxd3 39. Kxd3 Kd5 40. Nd2 h5 41. a4 bxa4 42. bxa4 Bf2 43. g4 fxg4 44. hxg4 hxg4 45. Ne4 g3 {[%emt 0:00:06] Kd4+} 0-1

[Event "Hasselbacken Open 2018"]
[Site "Stockholm"]
[Date "2018.11.02"]
[Round "2"]
[White "Eriksson, Lennarth"]
[Black "Lindgren, Philip"]
[Result "0-1"]
[ECO "A06"]
[WhiteElo "2056"]
[BlackElo "2374"]
[Annotator "NA"]
[PlyCount "74"]
[EventDate "2018.11.02"]
[EventCountry "SWE"]
[SourceTitle "playchess.com"]
[Source "ChessBase"]
[SourceQuality "1"]
[TimeControl "900+5"]

1. Nf3 d5 2. g3 c6 3. Bg2 Bg4 4. c4 e6 5. b3 Nf6 6. Bb2 Nbd7 7. O-O Bd6 8. d4 O-O 9. Nbd2 Qe7 10. Ne5 Bf5 11. f3 {[%emt 0:00:34] D11: Slav Defence: 3 Nf3 sidelines and 3...Nf6 4 e3 Bg4} (11. Nxd7 Nxd7 12. e4 dxe4 13. Nxe4 Ba3 14. Bc3 Bb4 15. Bb2 Ba3 16. Bc3 Bb4 17. Bb2 Ba3 18. Bc3 Bb4 {½-½ (18) Galliamova,A (2487)-Kosintseva,T (2581) Moscow 2010}) 11... Nxe5 12. dxe5 Bc5+ 13. Kh1 Nd7 14. g4 Bg6 15. f4 f6 16. cxd5 cxd5 17. f5 Bf7 18. exf6 Nxf6 19. g5 $146 (19. e4 $11) 19... Ng4 20. e4 Qxg5 21. Nf3 Qh5 22. Qc2 dxe4 23. Qc3 (23. Qxe4 $142 exf5 24. Qe1) 23... e5 24. h3 exf3 25. Qxf3 Ne3 26. Rg1 Qxf3 27. Bxf3 Nc2 28. Rxg7+ Kxg7 29. Bxe5+ Kg8 $19 30. Rc1 Bd4 31. Bf4 Ne3 32. Rc7 Nxf5 33. Be4 Be6 34. Rc2 Bg7 35. Rg2 Kh8 36. Bxb7 Rad8 37. Bf3 Bd5 0-1

[Event "Hasselbacken Open 2018"]
[Site "Stockholm"]
[Date "2018.11.02"]
[Round "2"]
[White "Fernandez, Juan Pablo"]
[Black "Schneider, Stefan"]
[Result "0-1"]
[ECO "A20"]
[WhiteElo "2044"]
[BlackElo "2365"]
[Annotator "ChessBase"]
[PlyCount "78"]
[EventDate "2018.11.02"]
[EventCountry "SWE"]
[SourceTitle "playchess.com"]
[Source "ChessBase"]
[SourceQuality "1"]
[TimeControl "900+5"]

1. c4 e5 2. g3 c6 3. Nf3 e4 4. Nd4 Qb6 5. Nb3 a5 6. d3 Bb4+ 7. Bd2 Nf6 8. Bg2 a4 9. Bxb4 Qxb4+ 10. Qd2 Na6 11. Nd4 exd3 12. exd3 O-O 13. O-O Qxd2 14. Nxd2 Nc5 15. Ne4 Nfxe4 16. dxe4 d6 17. Rad1 Rd8 18. Nf5 Bxf5 19. exf5 Kf8 20. Rfe1 Rd7 21. f4 Ra6 22. Re2 Rb6 23. Red2 Rb4 24. Rc1 Ke7 25. g4 Kd8 26. g5 f6 27. h4 Kc7 28. Kf2 Rxb2 29. Rxb2 Nd3+ 30. Ke3 Nxb2 31. Kd4 Re7 32. Kc3 Re2 33. Bf1 Rf2 34. a3 Kb6 35. h5 h6 36. g6 Kc5 37. Bh3 Nxc4 38. Bf1 Rf3+ 39. Bd3 d5 {[%emt 0:00:11] Bxc4 [%clk 0:00:07] Kd4+ Kxd4} 0-1

[Event "Hasselbacken Open 2018"]
[Site "Stockholm"]
[Date "2018.11.02"]
[Round "3"]
[White "Lindberg, Bengt"]
[Black "Evertsson, Lennart"]
[Result "1-0"]
[ECO "B40"]
[WhiteElo "2401"]
[BlackElo "2145"]
[Annotator "ChessBase"]
[PlyCount "114"]
[EventDate "2018.11.02"]
[EventCountry "SWE"]
[SourceTitle "playchess.com"]
[Source "ChessBase"]
[SourceQuality "1"]
[TimeControl "900+5"]

1. e4 c5 2. Nf3 e6 3. d4 cxd4 4. Nxd4 Nf6 5. Nc3 Nc6 6. Nxc6 bxc6 7. e5 Nd5 8. Ne4 f5 9. exf6 Nxf6 10. Nd6+ Bxd6 11. Qxd6 Ne4 12. Qe5 Nf6 13. Qd6 Ne4 14. Qb4 d5 15. Be3 Kf7 16. Bd3 Nf6 17. Bd4 Qe7 18. Qc3 Bb7 19. f4 a5 20. O-O Rac8 21. f5 e5 22. Bxe5 c5 23. Rae1 Rhe8 24. Bg3 Qd7 25. Rxe8 Qxe8 26. Re1 Qd7 27. Qxa5 c4 28. Bf1 Qxf5 29. Qb4 Qd7 30. Be5 Ne4 31. Bd4 Kg8 32. Re3 Rf8 33. Qe1 Qg4 34. Be2 Qg6 35. Bf3 Ng5 36. Kh1 Nxf3 37. gxf3 h6 38. Qg3 Qxg3 39. hxg3 Kf7 40. Kg2 Ra8 41. a3 Bc6 42. g4 Ba4 43. Re2 Rc8 44. Kg3 Bb5 45. Re5 Bc6 46. Rf5+ Kg6 47. Re5 Kf7 48. f4 Rd8 49. f5 Ba4 50. Re2 Rc8 51. Kf4 Bd7 52. Re5 Bc6 53. Re6 Ba4 54. Rg6 Rg8 55. Ra6 Bxc2 56. Ra7+ Kf8 57. Ke5 Be4 {[%emt 0:00:05] Kxe4} 1-0

[Event "Hasselbacken Open 2018"]
[Site "Stockholm"]
[Date "2018.11.02"]
[Round "3"]
[White "Lindgren, Philip"]
[Black "Crevatin, Leo"]
[Result "1-0"]
[ECO "D11"]
[WhiteElo "2374"]
[BlackElo "2130"]
[Annotator "ChessBase"]
[PlyCount "113"]
[EventDate "2018.11.02"]
[EventCountry "SWE"]
[SourceTitle "playchess.com"]
[Source "ChessBase"]
[SourceQuality "1"]
[TimeControl "900+5"]

1. d4 d5 2. c4 c6 3. Nf3 e6 4. e3 Nf6 5. Bd3 Nbd7 6. O-O dxc4 7. Bxc4 Bd6 8. b3 O-O 9. Bb2 Qc7 10. Nbd2 e5 11. Qc2 h6 12. h3 Re8 13. Bd3 exd4 14. Nxd4 Nf8 15. Rac1 a6 16. N2f3 Nd5 17. Nf5 Bxf5 18. Bxf5 Rad8 19. Qc4 Ne6 20. Rfd1 Qa5 21. Bb1 Qb6 22. Qg4 Bf8 23. Nd4 Nxd4 24. Rxd4 Re5 25. Rcd1 Rg5 26. Qf3 Bc5 27. Rg4 Re8 28. Rxg5 hxg5 29. Qf5 Bxe3 30. Qh7+ Kf8 31. fxe3 Qxe3+ 32. Kh1 f6 33. Qh8+ Kf7 34. Qh5+ Kf8 35. Qg4 Nf4 36. Qf3 Qe6 37. Ba3+ Kg8 38. Bb2 Kf8 39. Bc3 Qf7 40. Kh2 Qc7 41. Qg3 Re2 42. Rg1 Qb6 43. Qf3 Qc5 44. Be1 Qe5 45. Bg3 Re3 46. Qf2 Re2 47. Qf3 Re3 48. Qg4 b5 49. Qc8+ Kf7 50. Qd7+ Kg8 51. Qc8+ Kf7 52. Qg4 a5 53. Rd1 Re2 54. Bxf4 gxf4 55. Qg6+ Ke7 56. Qxg7+ Ke6 57. Qd7# 1-0

[Event "Hasselbacken Open 2018"]
[Site "Stockholm"]
[Date "2018.11.02"]
[Round "3"]
[White "Schneider, Stefan"]
[Black "Nordebrink, Johan"]
[Result "1/2-1/2"]
[ECO "E11"]
[WhiteElo "2365"]
[BlackElo "2125"]
[Annotator "NA"]
[PlyCount "70"]
[EventDate "2018.11.02"]
[EventCountry "SWE"]
[SourceTitle "playchess.com"]
[Source "ChessBase"]
[SourceQuality "1"]
[TimeControl "900+5"]

1. d4 Nf6 2. c4 e6 3. Nf3 Bb4+ 4. Bd2 Be7 {[%emt 0:00:03] LiveBook: 116 Games} 5. Nc3 d5 6. cxd5 exd5 7. Qc2 O-O 8. Bg5 Be6 9. e3 {[%emt 0:00:06] D35: Queen's Gambit Declined: Exchange Variation} c5 10. dxc5 Bxc5 11. Bd3 h6 12. Bh4 Nc6 13. O-O Qe7 14. a3 Rac8 15. Qa4 $146 ({Predecessor:} 15. Rfd1 Rfd8 16. Qe2 a6 {½-½ (61) Kavutskiy,K (2349)-Le,Q (2697) Saint Louis 2015}) 15... Rfd8 16. Rad1 Bd6 17. Nb5 Bb8 18. Nbd4 Bd7 19. Nxc6 (19. Nf5 $16 Qe6 20. N3d4 Nxd4 21. Qxd4) 19... bxc6 20. Bg3 Bxg3 21. hxg3 Bg4 22. Rc1 c5 23. Nh2 Be6 24. Bb1 Qb7 25. b4 c4 26. Nf3 Rd6 27. Qc2 Ne4 28. Nd4 Ra6 29. f3 Nf6 30. Qc3 Rb6 31. Bc2 Re8 32. Kh2 Qc7 33. Rfe1 Nh5 34. f4 Nf6 35. Kg1 $17 (35. e4 $11 {remains equal.}) 35... Bg4 1/2-1/2

[Event "Hasselbacken Open 2018"]
[Site "Stockholm"]
[Date "2018.11.02"]
[Round "3"]
[White "Ivarsson, Torbjorn"]
[Black "Seo, Jung Min"]
[Result "1-0"]
[ECO "A45"]
[WhiteElo "2148"]
[BlackElo "2369"]
[Annotator "NA"]
[PlyCount "83"]
[EventDate "2018.11.02"]
[EventCountry "SWE"]
[SourceTitle "playchess.com"]
[Source "ChessBase"]
[SourceQuality "1"]
[TimeControl "900+5"]

1. d4 Nf6 2. Bf4 g6 3. Nc3 Bg7 4. e4 d6 5. Qd2 {[%emt 0:00:08] LiveBook: 109 Games} a6 {[%emt 0:00:18] B07: Pirc Defence: Miscellaneous Systems} (5... O-O 6. Bh6 Bxh6 7. Qxh6 e5 8. O-O-O exd4 9. Rxd4 Nc6 10. Rd1 Be6 11. h4 Ng4 12. Qd2 Qf6 13. f3 Nge5 14. f4 {½-½ (37) Matlakov,M (2683)-Chigaev,M (2599) Sochi 2018}) 6. a4 Nc6 7. Nf3 Bg4 8. Be2 Bxf3 9. Bxf3 Nd7 $146 ({Predecessor:} 9... e5 10. dxe5 dxe5 11. Be3 Qxd2+ 12. Bxd2 Nd4 13. Bd1 {½-½ (38) Jurcisin,I (2054)-Hantak,A (2191) Stare Mesto 2009}) 10. Be3 e5 11. Ne2 exd4 12. Nxd4 Bxd4 13. Bxd4 Nxd4 14. Qxd4 O-O 15. O-O Ne5 16. Be2 Nc6 17. Qc3 Qe7 18. Bd3 Qe5 19. Qxe5 dxe5 20. Rfd1 a5 21. c3 Rad8 22. Kf1 Rd6 23. Bb5 Rfd8 24. Rxd6 Rxd6 25. Bxc6 Rxc6 26. Rd1 {[%emt 0:00:08] [#]} (26. Ke2 $11) 26... Rb6 (26... Rc4 $1 $17) 27. Rd2 Kf8 28. Ke2 Ke7 29. Ke3 f6 30. Ke2 Rc6 31. Kd3 Rd6+ 32. Ke3 Rxd2 33. Kxd2 Kd6 34. b4 axb4 35. cxb4 c5 36. Kc3 cxb4+ 37. Kxb4 Kc6 38. a5 h5 39. f3 $11 (39. h4 $1 $14) 39... f5 40. h4 b6 41. a6 f4 42. Ka4 1-0

[Event "Hasselbacken Open 2018"]
[Site "Stockholm"]
[Date "2018.11.02"]
[Round "3"]
[White "Wahlund, Max"]
[Black "Ingbrandt, Johan"]
[Result "0-1"]
[ECO "D27"]
[WhiteElo "2126"]
[BlackElo "2364"]
[Annotator "ChessBase"]
[PlyCount "100"]
[EventDate "2018.11.02"]
[EventCountry "SWE"]
[SourceTitle "playchess.com"]
[Source "ChessBase"]
[SourceQuality "1"]
[TimeControl "900+5"]

1. d4 d5 2. c4 dxc4 3. Nf3 Nf6 4. e3 e6 5. Bxc4 c5 6. O-O a6 7. dxc5 Bxc5 8. Qxd8+ Kxd8 9. Nbd2 Ke7 10. Nb3 Bb6 11. Bd2 Nc6 12. Rfd1 Bd7 13. Bc3 Rac8 14. Be2 Rhg8 15. Ne5 Nxe5 16. Bxe5 Ne4 17. Bf3 Bc6 18. Rac1 f6 19. Bd4 Bxd4 20. Rxd4 Bd5 21. Rcd1 f5 22. Bxe4 fxe4 23. Rb4 Rc7 24. Nd4 Rgc8 25. g4 Rc1 26. Rxc1 Rxc1+ 27. Kg2 Kd6 28. a3 b5 29. Ne2 Rc5 30. Nc3 Bc6 31. Nxe4+ Kc7 32. Kg3 Rc1 33. Ng5 Kd6 34. Nxh7 Rg1+ 35. Kf4 e5+ 36. Kg5 Rg2 37. f4 e4 38. h4 Bd5 39. Nf8 Bc4 40. Ng6 a5 41. Rxc4 bxc4 42. h5 Rxb2 43. Ne5 c3 44. Nc4+ Ke7 45. Nxb2 cxb2 46. h6 gxh6+ 47. Kxh6 b1=Q 48. g5 Qh1+ 49. Kg7 Qh5 50. g6 Ke6 0-1

[Event "Hasselbacken Open 2018"]
[Site "Stockholm"]
[Date "2018.11.04"]
[Round "7"]
[White "Lindberg, Bengt"]
[Black "Holst, Conny"]
[Result "1-0"]
[ECO "B63"]
[WhiteElo "2401"]
[BlackElo "2195"]
[Annotator "NA"]
[PlyCount "129"]
[EventDate "2018.11.02"]
[EventCountry "SWE"]
[SourceTitle "playchess.com"]
[Source "ChessBase"]
[SourceQuality "1"]
[TimeControl "5400+30"]

1. e4 c5 2. Nf3 d6 3. d4 cxd4 4. Nxd4 Nf6 5. Nc3 Nc6 6. Bg5 e6 7. Qd2 Be7 8. O-O-O O-O 9. f3 Nxd4 10. Qxd4 a6 11. h4 Qc7 12. g4 b5 $1 {[%emt 0:04:27] LiveBook: 7 Games} 13. h5 b4 14. Qxb4 d5 15. Qd4 h6 $14 16. exd5 Bc5 17. Bf4 Bxd4 18. Bxc7 Bxc3 19. bxc3 Nxd5 20. Bd6 Rd8 21. Bg3 Bb7 22. Rd3 Rdc8 23. c4 Rxc4 24. Rb3 Rb4 25. Bd3 Rxb3 26. axb3 Nf6 27. Rf1 a5 28. Kd2 Nd5 29. c4 Nb4 30. Bb1 Rd8+ 31. Kc3 Rd7 32. Bf4 f6 33. Be3 Rc7 34. Kb2 Rd7 35. Ka3 Bc6 36. Bb6 Rd2 37. Bxa5 Nc2+ 38. Bxc2 Rxc2 39. Kb4 e5 40. Kc5 Be8 41. Rd1 Kf8 42. Bb4 Kf7 43. Rd3 g6 44. hxg6+ Kxg6 45. Bc3 Kg5 46. b4 Bg6 47. Bd2+ Kh4 48. Be1+ Kh3 49. Rc3 Re2 50. Rc1 Kg2 51. b5 Kxf3 52. Bh4 f5 53. gxf5 Bxf5 54. Kd6 e4 55. c5 e3 56. b6 Rb2 57. Kc7 Be4 58. c6 Kg4 59. Rc4 Kf5 60. b7 Bd5 61. Rc1 Kg4 62. Be1 h5 63. b8=Q Rxb8 64. Kxb8 h4 65. c7 1-0

[Event "Hasselbacken Open 2018"]
[Site "Stockholm"]
[Date "2018.11.04"]
[Round "7"]
[White "Lindgren, Philip"]
[Black "Seo, Jung Min"]
[Result "1/2-1/2"]
[ECO "D97"]
[WhiteElo "2374"]
[BlackElo "2369"]
[Annotator "NA"]
[PlyCount "118"]
[EventDate "2018.11.02"]
[EventCountry "SWE"]
[SourceTitle "playchess.com"]
[Source "ChessBase"]
[SourceQuality "1"]
[TimeControl "5400+30"]

1. d4 Nf6 2. c4 g6 3. Nf3 Bg7 4. Nc3 d5 5. Qb3 dxc4 6. Qxc4 O-O 7. e4 {[%emt 0:00:51] LiveBook: 2950 Games} Nfd7 8. Be3 Nb6 9. Qb3 Be6 10. d5 Bg4 11. Rd1 N8d7 12. Be2 $14 c6 13. h3 Bxf3 14. Bxf3 Qc7 15. O-O Be5 16. dxc6 bxc6 17. Ne2 Bg7 18. Nd4 e5 19. Ne2 Rfd8 20. Rc1 Nf8 21. Nc3 Rab8 22. Rfd1 Rxd1+ 23. Bxd1 Ne6 24. Be2 Qd8 25. Qd1 Nd4 26. b3 Qd6 27. Nb1 Rd8 28. Bf1 h5 29. Nd2 Qa3 30. Ra1 Kh7 31. Qc1 Qd6 32. Nc4 Qe6 33. Na5 Rc8 34. Qc5 Bf8 35. Qc3 Bg7 36. Rc1 c5 37. Nc4 Qe7 38. Qa5 Qc7 39. Qa6 Re8 40. Nxb6 axb6 41. b4 Bf8 42. a4 Re6 43. Bc4 Rd6 44. b5 Rd8 45. Kf1 Rb8 46. Bd5 Bd6 47. Rc3 Kg7 48. Bd2 Rd8 49. Rc1 Kh7 50. a5 Rb8 51. axb6 Rxb6 52. Ba5 Rxa6 53. Bxc7 Nxb5 54. Bxd6 Nxd6 55. Rxc5 Ra7 56. h4 Kg7 57. g3 Ne8 58. Bc6 Re7 59. Bxe8 Rxe8 1/2-1/2